 Dungeon Crawl Stone Soup version 0.31.0-32-g396128a36d (webtiles) character file.

Game seed: 4335869952102466308

438 jagang the Slasher (level 7, -5/52 HPs)
             Began as a Human Monk on Mar 15, 2024.
             Was a Believer of Okawaru.
             Slain by an iguana (7 damage)
             ... on level 5 of the Dungeon.
             The game lasted 00:07:06 (3182 turns).

jagang the Slasher (Human Monk)                     Turns: 3182, Time: 00:07:07

Health: -5/52      AC: 10    Str: 11    XL:     7   Next: 1%
Magic:  7/7        EV:  9    Int: 10    God:    Okawaru [**....]
Gold:   60         SH:  0    Dex: 18    Spells: 6/6 levels left

rFire   + . .        r - +1 rapier
rCold   . . .        d - orb {light}
rNeg    . . .        f - +1 scale mail {rF+}
rPois   .            i - +2 hat
rElec   .            (no cloak)
rCorr   .            q - +0 pair of gloves
SInv    .            (no boots)
Will    .....        (no amulet) Stlth
                     (no ring)
HPRegen 0.28/turn    (no ring)
MPRegen 0.10/turn

%: no passive effects
@: glowing
A: explore regen
a: Renounce Religion, Heroism


You were on level 5 of the Dungeon.
You worshipped Okawaru.
Okawaru was pleased with you.
You visited 1 branch of the dungeon, and saw 5 of its levels.

You collected 252 gold pieces.
You spent 192 gold pieces at shops.

Inventory:

Hand Weapons
 a - a +0 falchion
 r - a +1 rapier (weapon)
Missiles
 m - 3 poisoned darts (quivered)
 n - 6 atropa-tipped darts
Armour
 d - an orb of light (worn)
 f - a +1 scale mail of fire resistance (worn)
 i - a +2 hat (worn)
 q - a +0 pair of gloves (worn)
 t - a +0 chain mail
 z - a +0 plate armour
Jewellery
 v - a ring of wizardry
Wands
 x - a wand of flame (22)
Scrolls
 e - a scroll of fear
 w - a scroll of enchant armour
 y - a scroll of fog {unknown}
Potions
 b - 2 potions of curing
 c - 3 potions of ambrosia
 g - a potion of haste
 h - a potion of mutation {unknown}
 j - a potion of degeneration {unknown}
 k - 3 potions of enlightenment {unknown}
 l - a potion of attraction {unknown}
 o - a potion of heal wounds {unknown}
 p - 2 potions of berserk rage {unknown}
 s - 2 potions of cancellation {unknown}
 u - a potion of lignification


   Skills:
 - Level 3.0 Fighting
 + Level 2.6(5.0) Short Blades
 * Level 6.6(6.9) Long Blades
 - Level 2.0 Throwing
 - Level 3.0 Dodging


You had 6 spell levels left.
You didn't know any spells.
Your spell library contained the following spells:

 Spells                   Type           Power      Damage    Failure   Level
 Kiss of Death            Conj/Necr      0%         2d5       94%         1
 Magic Dart               Conj           0%         1d3       94%         1
 Blink                    Tloc           0%         N/A       98%         2
 Ensorcelled Hibernation  Hex/Ice        0%         N/A       98%         2
 Lesser Beckoning         Tloc           0%         N/A       98%         2
 Confusing Touch          Hex            0%         N/A       100%        3
 Dazzling Flash           Conj/Hex       0%         N/A       100%        3
 Fugue of the Fallen      Necr           0%         N/A       100%        3
 Gell's Gravitas          Tloc           0%         N/A       100%        3
 Teleport Other           Tloc           0%         N/A       100%        3
 Volatile Blastmotes      Fire/Tloc      0%         2d10      100%        3
 Anguish                  Hex/Necr       0%         N/A       100%        4
 Dispel Undead            Necr           0%         3d6       100%        4
 Starburst                Conj/Fire      0%         6d3       100%        6
 Maxwell's Capacitive Co  Air            0%         ∞         100%        8
 Call Imp                 Summ           Unusable   N/A       N/A         2

Dungeon Overview and Level Annotations

Branches:
Dungeon (5/15)
 Temple: D:4-7

Altars:
Ashenzari
Dithmenos
Hepliaklqana
Okawaru
Vehumet
Yredelemnul

Shops:
D:4 !


Innate Abilities, Weirdness & Mutations

You regain HP and MP as you explore.


Message History

The iguana bites you but does no damage.
The phantom hits you.
The phantom blinks!
You blink.
You hit the phantom but do no damage.
The phantom is almost destroyed.
The phantom hits you but does no damage.
You hit the phantom but do no damage.
The phantom is almost destroyed.
The iguana bites you!
The phantom hits you but does no damage.
You hit the phantom.
The phantom is almost destroyed.
The iguana barely misses you. The phantom hits you.
You are too injured to fight recklessly!
You are too injured to fight recklessly!
You closely miss the phantom.
The phantom is almost destroyed.
The iguana bites you!
* * * LOW HITPOINT WARNING * * *
The phantom closely misses you.
You hit the phantom but do no damage.
The phantom is almost destroyed.
The iguana bites you.
* * * LOW HITPOINT WARNING * * *
The phantom hits you.
* * * LOW HITPOINT WARNING * * *
Unknown command.
You hit the phantom.
You destroy the phantom!
Okawaru is honoured by your kill.
You have reached level 7!
You hit the iguana.
The iguana is moderately wounded.
The iguana barely misses you.
Unknown command.
You fail to use your ability.
The iguana bites you.
* * * LOW HITPOINT WARNING * * *
You hit the iguana.
The iguana is heavily wounded.
The iguana bites you!
You die...

..##### ......#
####### ......#
#.....######
......###....##§≈≈≈##
####...##...##§≈..≈≈##
###.##...#§§....≈≈#
#......#≈§..#..≈#
###....#§§l#...≈#
####'##§≈.@..≈≈#
#....†##§≈..§≈##.#
......##..##≈..≈## ..
......#....##''##...#
..... #.##.......# .#
..##< #. #....#####.#
. # #. ####.#.....##
#. #.#......# ..
#........#


You could see an iguana.

Vanquished Creatures
  A phantom (D:5)
  A scorpion (D:4)
  A hound (D:5)
  2 jellies
  An orc priest (D:4)
  An iguana (D:5)
  3 gnolls (D:4)
  5 adders
  3 ribbon worms
  2 dart slugs
  8 orcs
  3 bats
  5 endoplasms
  5 giant cockroaches
  4 goblins
  8 hobgoblins
  4 jackals (D:4)
  3 kobolds
  3 quokkas
  4 ball pythons
  3 frilled lizards
  4 rats (D:1)
74 creatures vanquished.

Notes
Turn   | Place    | Note
-------+----------+-------------------------------------------
     0 | D:1      | jagang the Human Monk began the quest for the Orb.
     0 | D:1      | Reached XP level 1. HP: 18/18 MP: 1/1
   230 | D:1      | Reached XP level 2. HP: 24/24 MP: 2/2
   369 | D:1      | Found a faded altar of an unknown god.
   630 | D:2      | Reached skill level 4 in Long Blades
   803 | D:2      | Reached XP level 3. HP: 23/29 MP: 3/3
  1213 | D:3      | Found a broken altar of Ashenzari.
  1215 | D:3      | Found a basalt altar of Yredelemnul.
  1217 | D:3      | Found a radiant altar of Vehumet.
  1325 | D:3      | Reached XP level 4. HP: 9/35 MP: 4/4
  1513 | D:3      | Reached skill level 5 in Long Blades
  1954 | D:4      | Reached XP level 5. HP: 36/41 MP: 5/5
  1995 | D:4      | Reached skill level 1 in Short Blades
  2240 | D:4      | Found Vyruhoq's Distillery.
  2248 | D:4      | Bought a potion of haste for 120 gold pieces
  2248 | D:4      | Bought a potion of lignification for 36 gold pieces
  2248 | D:4      | Bought a potion of curing for 36 gold pieces
  2387 | D:4      | Reached skill level 1 in Throwing
  2658 | D:4      | Reached skill level 6 in Long Blades
  2658 | D:4      | Reached XP level 6. HP: 28/47 MP: 6/6
  2771 | D:4      | Found a shadowy altar of Dithmenos.
  2772 | D:4      | Found an iron altar of Okawaru.
  2772 | D:4      | Found a hazy altar of Hepliaklqana.
  2780 | D:4      | Became a worshipper of Warmaster Okawaru
  2780 | D:4      | Reached * piety under Okawaru
  2780 | D:4      | Reached ** piety under Okawaru
  2847 | D:5      | Entered Level 5 of the Dungeon
  3180 | D:5      | Reached XP level 7. HP: 7/52 MP: 7/7
  3181 | D:5      | HP: 1/52 [iguana (6)]
  3182 | D:5      | Slain by an iguana

Illustrated notes

Levels and vault maps discovered:
D:1:      amcnicky_arrival_gap_in_the_tavern_cellar, layout_basic,
          ebering_ecumenical_altar_box, minmay_misc_feat_tiny
D:2:      layout_basic, grunt_ministairs_13
D:3:      layout_rooms, gammafunk_temple_overflow_forgotten
D:4:      layout_loops_ring, minitemple, serial_shops, shop
D:5:      layout_basic, kennysheep_generic_room_3

Skill      XL: |  1  2  3  4  5  6 |
---------------+-------------------+-----
Long Blades    | 4 5 6 |  6.6
Short Blades   | 1 2 |  2.6
Throwing       | 1 2 |  2.0
Fighting       | |  3.0
Dodging        | |  3.0

Action                     |  1- 3 |  4- 6 |  7- 9 || total
---------------------------+-------+-------+-------++-------
  Melee: Falchion          |    72 |       |       ||    72
         Rapier            |    97 |   156 |     2 ||   255
  Throw: Dart              |       |     4 |       ||     4
    Use: Scroll            |     5 |     1 |       ||     6
 Armour: Robe              |    15 |       |       ||    15
         Ring mail         |    23 |       |       ||    23
         Scale mail        |    24 |    98 |     2 ||   124
  Dodge: Dodged            |    58 |    73 |     1 ||   132
